Map: Prion Terraces

Players

Phobia

  • Race: Terran Terran
  • League: Grandmaster

Neuro - Winner!

  • Race: Zerg Zerg
  • League: Grandmaster

VOD

Have the link to the VOD?

Description

Time

  • Played on: Jan. 9, 2016, 11:43 p.m.
  • Length: 5:52
Show
View Real Time Build Order
Export as new Build Order

Phobia Terran 

Build Orders: Reaper Expand 

Get SALT Encoding   

  12  0:00  SCV  
  13  0:12  SCV  
  14  0:17  Supply Depot  
  14  0:25  SCV  
  15  0:39  SCV, Barracks  
  16  0:45  Refinery  
  16  0:51  SCV  
  17  1:03  SCV  
  18  1:15  SCV  
  19  1:27  Orbital Command  
  19  1:29  Reaper  
  20  1:40  Command Center  
  20  1:48  Supply Depot  
  20  1:53  SCV  
  21  2:01  Marine  
  21  2:06  SCV  
  23  2:08  Factory  
  23  2:18  SCV  
  23  2:21  Refinery  
  24  2:27  Barracks Reactor  
  24  2:30  SCV  
  25  2:42  SCV  
  26  2:54  SCV  
  26  2:56  Orbital Command  
  26  3:03  Starport  
  26  3:07  Command Center, SCV  
  26  3:11  Hellion x2  
  31  3:17  Bunker  
  31  3:19  SCV  
  32  3:20  Barracks Reactor  
  32  3:21  Supply Depot  
  32  3:23  SCV  
  33  3:31  SCV  
  33  3:32  Hellion  
  33  3:33  Hellion  
  38  3:36  SCV  
  39  3:41  Medivac  
  39  3:43  SCV  
  42  3:48  SCV  
  42  3:54  Supply Depot, Widow Mine x2  
  42  3:55  SCV  
  48  4:01  SCV  
  49  4:07  SCV  
  48  4:13  SCV  
  49  4:19  Command Center, SCV  
  50  4:25  SCV  
  49  4:32  SCV  
  49  4:34  Liberator  
  50  4:39  Factory Reactor  
  50  4:41  Barracks Tech Lab  
  50  4:42  SCV  
  50  4:43  Barracks x2  
  50  4:44  SCV  
  52  4:48  Refinery  
  52  4:49  Refinery, Engineering Bay  
  52  4:52  Engineering Bay  
  55  4:56  SCV x2  
  53  5:09  Supply Depot  
  53  5:11  Supply Depot  
  38  5:31  SCV  
  38  5:32  SCV  
Show
View Real Time Build Order
Export as new Build Order

Neuro Zerg - Winner!

Build Orders: Hatch First, Ravager All-In 

Get SALT Encoding   

  12  0:01  Drone  
  13  0:10  Drone  
  14  0:17  Overlord  
  14  0:23  Drone, Extractor  
  15  0:36  Drone x2  
  17  0:53  Hatchery  
  17  0:56  Drone  
  17  0:59  Drone  
  18  1:09  Drone  
  19  1:15  Extractor  
  18  1:18  Spawning Pool  
  18  1:24  Drone  
  18  1:25  Extractor  
  17  1:27  Drone  
  18  1:37  Drone  
  19  1:48  Drone  
  20  2:00  Overlord  
  20  2:05  Queen  
  20  2:06  Queen  
  20  2:07  Zergling x2  
  25  2:13  Zergling x2  
  26  2:20  Metabolic Boost  
  26  2:29  Drone x3  
  29  2:33  Drone  
  30  2:40  Drone  
  31  2:54  Drone x3  
  34  2:59  Extractor  
  34  3:01  Roach Warren  
  34  3:02  Drone  
  33  3:10  Drone x2  
  35  3:16  Overlord x2  
  35  3:17  Overlord  
  35  3:26  Drone, Overlord  
  36  3:47  Roach  
  36  3:48  Roach x6  
  52  3:55  Zergling x8  
  51  4:12  Ravager x3  
  51  4:15  Zergling x6  
  51  4:16  Zergling x2  
  58  4:21  Zergling x10  
  61  4:35  Zergling x8  
  65  4:38  Overlord  
  65  4:42  Ravager x2  
  63  5:03  Zergling x12  
  63  5:04  Zergling x4  
  68  5:07  Zergling x2  
  68  5:08  Spore Crawler  
  66  5:17  Spore Crawler  
  66  5:21  Zergling x6  
  63  5:30  Zergling x4  
Tags
 
Add a new tag
Caveats
  • Supply blocks, unpowered buildings, or Contaminate may cause inaccurate times.
  • Supply counts are checked every 10 seconds.